 Dungeon Crawl Stone Soup version 0.31.0-11-ge490571c62 (webtiles) character file.

Game seed: 14251722978240180678

249 qw the Shooter (level 5, -4/25 HPs)
             Began as a Spriggan Hunter on Feb 5, 2024.
             Slain by an orc
             ... wielding a +0 flail
              (7 damage)
             ... on level 5 of the Dungeon.
             The game lasted 00:00:33 (1748 turns).

qw the Shooter (Spriggan Hunter)                    Turns: 1748, Time: 00:00:34

Health: -4/25      AC:  2    Str:  7    XL:     5   Next: 86%
Magic:  6/6        EV: 20    Int: 11    God:
Gold:   67         SH:  5    Dex: 20    Spells: 4/4 levels left

rFire   . . .        a - +1 shortbow
rCold   . . .        (shield currently unavailable)
rNeg    . . .        c - +0 robe
rPois   +            (helmet restricted)
rElec   .            (no cloak)
rCorr   .            (gloves unavailable)
SInv    +            (boots unavailable)
Will    .....        j - amulet of reflection
Stlth   ++           i - ring of poison resistance
HPRegen 0.24/turn    (no ring)
MPRegen 0.10/turn

%: reflection
@: very quick
A: very small, no large weapons, unfitting armour, see invisible, speed 3
a: no special abilities


You were on level 5 of the Dungeon.
You visited 1 branch of the dungeon, and saw 4 of its levels.

You collected 97 gold pieces.
You spent 30 gold pieces at shops.


Innate Abilities, Weirdness & Mutations

You are very small and have problems with some larger weapons.
You are too small for most types of armour.
You have supernaturally acute eyesight. (SInv)
You cover ground extremely quickly. (Speed+++)


   Skills:
 + Level 1.5 Fighting
 - Level 6.2 Ranged Weapons
 - Level 5.3 Dodging
 - Level 1.5 Stealth


You had 4 spell levels left.
You didn't know any spells.
Your spell library was empty.

Inventory:

Hand Weapons
 a - a +1 shortbow (weapon)
Armour
 c - a +0 robe (worn)
Jewellery
 i - a ring of poison resistance (left hand)
 j - an amulet of reflection (around neck)
Potions
 d - a potion of heal wounds {unknown}
 e - 3 potions of curing
 f - a potion of lignification {unknown}
 h - a potion of might {unknown}
 k - a potion of mutation {unknown}

Dungeon Overview and Level Annotations

Branches:
Dungeon (3/15)

Altars:
Ru

Shops:
D:2 =!((

Annotations:
D:3 qw's ghost, amateur DEHu


Message History

The sleepcap is moderately damaged.
An orc comes into view. It is wielding a +0 flail.
You shoot an arrow.
The arrow hits the sleepcap but does no damage.
The sleepcap is moderately damaged.
You hear a shout!
An orc comes into view. It is wielding a +0 hand axe.
You hear a shout!
You shoot an arrow. The arrow hits the sleepcap.
The sleepcap is heavily damaged.
The sleepcap closely misses you.
You shoot an arrow.
The arrow hits the sleepcap but does no damage.
The sleepcap is heavily damaged.
You block the sleepcap's attack. The sleepcap closely misses you.
You shoot an arrow. The arrow hits the sleepcap.
The sleepcap is heavily damaged.
The sleepcap misses you.
You shoot an arrow. The arrow hits the sleepcap.
The sleepcap is severely damaged.
You block the sleepcap's attack.
An orc comes into view. It is wielding a +0 flail.
You shoot an arrow. The arrow hits the sleepcap!
The sleepcap is almost destroyed.
The sleepcap releases spores at you.
You are engulfed in a cloud of soporific spores!
You fall asleep.
The sleepcap releases spores at you!!
You wake up.
Ouch! That really hurt!
You shoot an arrow. The arrow hits the sleepcap!
You destroy the sleepcap!
Your Dodging skill increases to level 5!
You shoot an arrow.
The arrow hits the orc but does no damage.
The orc misses you.
You shoot an arrow. The arrow closely misses the orc.
You shoot an arrow. The arrow hits the orc.
The orc is severely wounded.
The orc hits you with a +0 flail!
You die...

..# #.#
#.# #.#
#.# #.#
#.###.####
#........#
#.###@####
.....ooo#
###.#####


You could see 3 orcs.

Vanquished Creatures
  Sigmund (D:2)
  A sleepcap (D:5)
  An adder (D:2)
  5 dart slugs
  4 ribbon worms
  An orc (D:3)
  6 bats
  3 endoplasms
  2 giant cockroaches
  3 goblins
  2 hobgoblins
  3 kobolds
  2 quokkas
  2 ball pythons
  4 frilled lizards
  5 rats
45 creatures vanquished.

Notes
Turn   | Place    | Note
-------+----------+-------------------------------------------
     0 | D:1      | qw the Spriggan Hunter began the quest for the Orb.
     0 | D:1      | Reached XP level 1. HP: 10/10 MP: 2/2
     0 | D:1      | 0 ||| qw: Version: 0.3-a-160-g6735b56
     0 | D:1      | 0 ||| qw: Game counter: 6460
     0 | D:1      | 0 ||| qw: Melee chars always use a shield: true
     0 | D:1      | 0 ||| qw: God list: Okawaru
     0 | D:1      | 0 ||| qw: Allow faded altars: false
     0 | D:1      | 0 ||| qw: Do Orc after clearing Dungeon:15 true
     0 | D:1      | 0 ||| qw: Do second Lair branch before Depths: true
     0 | D:1      | 0 ||| qw: Lair rune preference: random
     0 | D:1      | 0 ||| qw: Goals: Normal
     0 | D:1      | 0 ||| PLANNING D:1-11
    99 | D:1      | Reached skill level 3 in Dodging
   195 | D:1      | Found a faded altar of an unknown god.
   289 | D:1      | Reached XP level 2. HP: 14/14 MP: 3/3
   780 | D:1      | 780 ||| DROPPING scarf of harm.
   781 | D:1      | 781 ||| UPGRADING to amulet of reflection.
   786 | D:1      | 786 ||| DROPPING ring of wizardry.
   787 | D:1      | 787 ||| READING scroll labelled HOIQAU KIABA.
   788 | D:1      | 788 ||| READING scroll labelled PIDGHUAFEWI.
   788 | D:1      | 788 ||| ENCHANTING +0 shortbow.
   789 | D:1      | 789 ||| READING scroll labelled SUHEL DACY.
   789 | D:1      | 789 ||| IDENTIFYING sapphire potion
   790 | D:1      | 790 ||| DROPPING scroll of butterflies.
   875 | D:2      | Reached XP level 3. HP: 18/18 MP: 4/4
   880 | D:2      | Found Rutushrayg's Distillery.
   881 | D:2      | Noticed Sigmund
   888 | D:2      | Killed Sigmund
   889 | D:2      | Reached skill level 6 in Ranged Weapons
   889 | D:2      | Reached XP level 4. HP: 21/22 MP: 5/5
   889 | D:2      | Reached XP level 5. HP: 24/25 MP: 6/6
   898 | D:2      | 898 ||| BUYING potion of curing (30 gold).
   898 | D:2      | Bought a potion of curing for 30 gold pieces
   898 | D:2      | 898 ||| SHOPLISTING potion of enlightenment (50 gold, have
                  | 23).
   898 | D:2      | 898 ||| SHOPLISTING potion of might (40 gold, have 23).
   932 | D:2      | Found a sacrificial altar of Ru.
   950 | D:2      | Found Ugrasmu's Antique Weapon Shop.
   959 | D:2      | 959 ||| SHOPLISTING glowing orcbow (130 gold, have 38).
  1002 | D:2      | Found Lius's Antique Weapon Boutique.
  1242 | D:2      | Found Pepefewn's Jewellery Shop.
  1248 | D:2      | 1248 ||| SHOPLISTING amulet of faith (560 gold, have 63).
  1248 | D:2      | 1248 ||| SHOPLISTING ring of positive energy (280 gold,
                  | have 63).
  1248 | D:2      | 1248 ||| SHOPLISTING ring of protection from cold (350
                  | gold, have 63).
  1379 | D:2      | 1379 ||| UPGRADING to ring of poison resistance.
  1380 | D:2      | 1380 ||| READING scroll labelled HAGILE ZE GIK.
  1381 | D:2      | 1381 ||| READING scroll labelled VIMAAC VESAS.
  1558 | D:3      | 1558 ||| FLEEEEING.
  1713 | D:3      | Noticed qw's ghost (amateur DEHu)
  1735 | D:3      | You fall into a shaft and drop 2 floors!
  1735 | D:5      | Entered Level 5 of the Dungeon
  1744 | D:5      | HP: 2/25 [sleepcap (21)]
  1748 | D:5      | Slain by an orc

Levels and vault maps discovered:
D:1:      saegor_arrival_fortress, layout_loops_ring, basic_ecumenical_altar,
          chequers_mini_garden, minmay_misc_feat_iff, grunt_decor_clamped
D:2:      layout_loops_ring, serial_shops, shop, shop,
          nicolae_shop_advertising_works [nicolae_subvault_shop_adworks],
          nicolae_shop_tiny_real_fake_doors, basic_altar, uniq_sigmund
D:3:      minmay_angry_zag, layout_basic, nicolae_overflow_ecumenical_swirl,
          gammafunk_ghost_icy, uniq_grinder
D:5:      layout_basic, tso_oasis_becter

Skill      XL: |  1  2  3  4  5 |
---------------+----------------+-----
Dodging        | 3 4 5 |  5.3
Ranged Weapons | 6 |  6.2
Fighting       | |  1.5
Stealth        | |  1.5

Action                     |  1- 3 |  4- 6 || total
---------------------------+-------+-------++-------
   Fire: Shortbow          |    45 |    71 ||   116
    Use: Scroll            |     3 |     2 ||     5
 Armour: Robe              |     2 |     6 ||     8
  Dodge: Dodged            |       |    23 ||    23
  Block: Other             |       |     2 ||     2

Table legend:
 A = Non-vault XP
 B = Vault XP
 C = Vault XP percentage of total XP
 D = Non-vault monster count
 E = Vault monster count
 F = Vault count percentage of total count
                 A         B        C        D         E       F
            +---------+---------+-------+---------+---------+-------
      Total |     129 |     227 |  63.8 |      37 |       8 |  17.8
            +---------+---------+-------+---------+---------+-------
        D:1 |      31 |       0 |   0.0 |      14 |       0 |   0.0
        D:2 |      35 |     214 |  85.9 |      13 |       1 |   7.1
        D:3 |      23 |      13 |  36.1 |       9 |       7 |  43.8
        D:5 |      40 |       0 |   0.0 |       1 |       0 |   0.0
            +---------+---------+-------+---------+---------+-------
